 Dungeon Crawl Stone Soup version 0.30-a0-136-gea98e250e0 (webtiles) character file.

Game seed: 10334628644486943474

221 Dreamer the Changer (level 5, -4/33 HPs)
             Began as an Octopode Transmuter on Sept 21, 2022.
             Slain by a goblin
             ... wielding a +0 club
              (5 damage)
             ... on level 3 of the Dungeon.
             The game lasted 00:05:49 (3189 turns).

Dreamer the Changer (Octopode Transmuter)           Turns: 3189, Time: 00:05:50

Health: -4/33      AC:  1    Str:  9    XL:     5   Next: 98%
Magic:  8/8        EV: 13    Int: 18    God:
Gold:   118        SH:  0    Dex: 12    Spells: 3/8 levels left

rFire   . . .      SeeInvis .    q - +2 quarterstaff (chaos)
rCold   . . .      Faith    .    (shield currently unavailable)
rNeg    . . .      Spirit   .    (helmet restricted)
rPois   +          Reflect  .    e - amulet of magic regeneration
rElec   .          Harm     .    b - ring of poison resistance
rCorr   .          Rampage  .    (no ring)
Will    .....                    (no ring)
Stlth   ++........               (no ring)
HPRegen 0.11/turn                (no ring)
MPRegen 0.51/turn                (no ring)
                                 (no ring)
                                 (no ring)

@: mighty
A: almost no armour, amphibious, 8 rings, camouflage 1, gelatinous body 1,
(nimble swimmer 1), tentacles
a: no special abilities


You were on level 3 of the Dungeon.
You visited 1 branch of the dungeon, and saw 3 of its levels.

You collected 118 gold pieces.

Inventory:

Hand Weapons
 q - a +2 quarterstaff of chaos (weapon)
Jewellery
 b - a ring of poison resistance (left tentacle)
 e - an amulet of magic regeneration (around mantle)
Scrolls
 g - 3 scrolls of identify {unknown}
 h - 3 scrolls of magic mapping {unknown}
 i - a scroll of immolation {unknown}
 j - a scroll of teleportation {unknown}
 k - a scroll of blinking {unknown}
 l - a scroll of fear {unknown}
 n - a scroll of noise {unknown}
Potions
 a - a potion of lignification
 c - a potion of curing {unknown}
 d - a potion of might
 m - a potion of invisibility
 o - a potion of attraction {unknown}
 p - a potion of flight {unknown}


   Skills:
 - Level 1.0 Fighting
 - Level 2.0 Dodging
 - Level 3.0 Unarmed Combat
 - Level 2.0 Spellcasting
 * Level 5.0 Transmutations
 + Level 2.9 Ice Magic


You had 3 spell levels left.
You knew the following spells:

 Your Spells              Type           Power      Damage    Failure   Level
a - Beastly Appendage     Tmut           40%        N/A       2%          1
b - Ice Form              Ice/Tmut       16%        N/A       34%         4

Your spell library contained the following spells:

 Spells                   Type           Power      Damage    Failure   Level
 Wereblood                Tmut           20%        N/A       3%          2
 Spider Form              Tmut/Pois      10%        N/A       19%         3
 Cigotuvi's Dreadful Rot  Necr/Pois/Air  2%         N/A       26%         2
 Poisonous Vapours        Pois/Air       2%         N/A       26%         2
 Mephitic Cloud           Conj/Pois/Air  1%         N/A       47%         3
 Haunt                    Necr/Summ      0%         N/A       100%        7


Dungeon Overview and Level Annotations

Branches:
Dungeon (3/15)

Altars:


Innate Abilities, Weirdness & Mutations

You cannot wear most types of armour.
You are amphibious.
You can wear up to eight rings at the same time.
Your skin changes colour to match your surroundings (Stealth+).
Your rubbery body absorbs attacks. (AC +1, EV +1)
((You are camouflaged when in or above water. (Stealth+)))
You have tentacles for arms and can constrict up to eight enemies at once.


Message History

You see here a black bear corpse.
You open the door.
A hobgoblin comes into view.
There is an open door here.
The helpless hobgoblin fails to defend itself.
You hit the hobgoblin.
Lightning courses through the hobgoblin!
You kill the hobgoblin!
A quokka comes into view.
A quokka is nearby!
A goblin comes into view. It is wielding a +0 club.
The goblin drinks a potion.
The goblin flickers and vanishes!
Deactivating autopickup; reactivate with Ctrl-A.
Something hits you but does no damage.
You miss the quokka. Your grab misses the quokka.
Your squeeze misses the quokka. The quokka completely misses you.
Something hits you. The quokka barely misses you. Something hits you.
You hit the quokka.
You feel better.
You grab the quokka.
The quokka is severely wounded.
You constrict the quokka, but do no damage.
The quokka barely misses you. Something hits you. The quokka bites you.
You hit the quokka.
You kill the quokka!
Something hits you but does no damage.
You hit something.
Nothing appears to happen.
You squeeze something. Something hits you. Something barely misses you.
You miss something. Your squeeze misses something. Something hits you. x2
You miss something. Your squeeze misses something. Something hits you. x2
You closely miss something.
Your tentacle-slap misses something.
Something hits you.
* * * LOW HITPOINT WARNING * * *
Something hits you.
* * * LOW HITPOINT WARNING * * *
You barely miss something. Something hits you.
* * * LOW HITPOINT WARNING * * *
Something hits you but does no damage.
It was a potion of might.
You feel very mighty all of a sudden. Something hits you.
You die...

.....+
+..'...+
.....#
##.#...#
.....#
#.#...#
.....#
#.#...#
.....#
#.#...##
######
#.#....# #
#.#....# #
####+#....#
#
.......@###
. ......{†#
. .........
#
...#######
###


There were no monsters in sight!

Vanquished Creatures
  A black bear (D:3)
  Crazy Yiuf (D:2)
  4 gnolls (D:2)
  An adder (D:3)
  A dart slug (D:3)
  2 endoplasms (D:1)
  4 giant cockroaches
  4 goblins
  15 hobgoblins
  2 kobolds
  3 quokkas
  3 ball pythons
  2 bats
  2 frilled lizards
  3 rats
48 creatures vanquished.

Vanquished Creatures (others)
  2 fungi (D:2)
2 creatures vanquished.

Grand Total: 50 creatures vanquished

Notes
Turn   | Place    | Note
-------+----------+-------------------------------------------
     0 | D:1      | Dreamer the Octopode Transmuter began the quest for the
                  | Orb.
     0 | D:1      | Reached XP level 1. HP: 13/13 MP: 3/3
   270 | D:1      | Reached XP level 2. HP: 17/18 MP: 5/5
   505 | D:1      | Reached skill level 1 in Ice Magic
   670 | D:1      | Found a faded altar of an unknown god.
   826 | D:1      | Reached skill level 3 in Transmutations
   992 | D:1      | Reached XP level 3. HP: 21/23 MP: 6/6
  1582 | D:2      | Reached XP level 4. HP: 6/28 MP: 7/7
  2611 | D:2      | Found a runed translucent door.
  2612 | D:2      | Noticed Crazy Yiuf
  2620 | D:2      | Killed Crazy Yiuf
  2621 | D:2      | Reached skill level 4 in Transmutations
  2824 | D:3      | Reached XP level 5. HP: 30/33 MP: 8/8
  2959 | D:3      | Got the Lectures on Breezy Convocation
  3038 | D:3      | Noticed a black bear
  3047 | D:3      | Killed a black bear
  3048 | D:3      | Reached skill level 5 in Transmutations
  3053 | D:3      | Learned a level 4 spell: Ice Form
  3188 | D:3      | HP: 1/33 [something (3)]
  3189 | D:3      | Slain by a goblin

Illustrated notes

Levels and vault maps discovered:
D:1:      dpeg_arrival_morbid_curiosity, layout_loops_corners,
          ebering_ecumenical_altar_petrified
D:2:      layout_basic, uniq_crazy_yiuf_cottage
D:3:      layout_basic, serial_shops, nicolae_square_shop

Skill      XL: |  1  2  3  4  5 |
---------------+----------------+-----
Ice Magic      | 1 2 |  2.9
Transmutations | 3 4 5 |  5.0
Fighting       | |  1.0
Dodging        | |  2.0
Unarmed Combat | |  3.0
Spellcasting   | |  2.0

Action                   |  1- 3 |  4- 6 || total
-------------------------+-------+-------++-------
Melee: Unarmed           |    25 |       ||    25
       Tentacles         |    17 |    14 ||    31
       Constrict         |    19 |    12 ||    31
       Rapier            |    38 |    29 ||    67
       Punch             |     2 |     2 ||     4
       Quarterstaff      |       |    28 ||    28
 Cast: Beastly Appendage |       |     1 ||     1
  Use: Potion            |       |     1 ||     1
 Stab: Sleeping          |     4 |     3 ||     7
Armor: Skin              |     2 |     3 ||     5
Dodge: Dodged            |    36 |    32 ||    68

Table legend: (Time is in decaauts)
 A = Elapsed time spent in this place.
 B = Non-inter-level travel time spent in this place.
 C = Inter-level travel time spent in this place.
 D = Time resting spent in this place.
 E = Time spent auto-exploring this place.
 F = Levels seen in this place.
 G = Mean time per level.
                   A        B        C        D        E       F      G
               +--------+--------+--------+--------+--------+-----+--------+
         Total |   3209 |   3164 |     45 |    683 |   2025 |   3 | 1069.7 |
       Dungeon |   3209 |   3164 |     45 |    683 |   2025 |   3 | 1069.7 |
               +--------+--------+--------+--------+--------+-----+--------+

Top non-repeatable levels by time:
     D:2: 1471 daAuts
     D:1: 1325 daAuts
     D:3: 412 daAuts
